 Dungeon Crawl Stone Soup version 0.26-a0-757-g626ac9e51a (webtiles) character file.

Game seed: 17982228623215305622

246 mattiecakes the Covered (level 6, -5/49 HPs)
             Began as a Barachi Fighter on Nov 7, 2020.
             Slain by Grinder (8 damage)
             ... while paralysed by Grinder
             ... on level 3 of the Dungeon.
             The game lasted 00:04:21 (1886 turns).

mattiecakes the Covered (Barachi Fighter)           Turns: 1886, Time: 00:04:21

Health: -5/49      AC:  7    Str: 20    XL:     6   Next: 11%
Magic:  6/6        EV:  2    Int:  8    God:
Gold:   111        SH:  0    Dex: 11    Spells: 5/5 levels left

rFire    . . .     SeeInvis .   a - +0 long sword
rCold    . . .     Faith    .   c - +0 kite shield
rNeg     . . .     Spirit   .   b - +0 scale mail
rPois    .         Reflect  .   (no helmet)
rElec    .         Harm     .   (no cloak)
rCorr    .         Rampage  .   (no gloves)
MR       .....                  (no boots)
Stlth    ..........             (no amulet)
HPRegen  0.16/turn              (no ring)
MPRegen  0.10/turn              (no ring)

@: paralysed, mighty, slow
A: +LOS, swims, slowness 1, strong legs 1
a: Hop


You were on level 3 of the Dungeon.
You visited 1 branch of the dungeon, and saw 3 of its levels.

You collected 111 gold pieces.

Inventory:

Hand Weapons
 a - a +0 long sword (weapon)
Armour
 b - a +0 scale mail (worn)
 c - a +0 kite shield (worn)
Scrolls
 f - a scroll of enchant weapon {unknown}
 i - 2 scrolls of remove curse {unknown}
 j - a scroll of random uselessness {unknown}
 k - 2 scrolls of amnesia {unknown}
 m - a scroll of teleportation {unknown}
 n - a scroll of immolation {unknown}
 r - a scroll of fear {unknown}
 t - a scroll of identify {unknown}
Potions
 e - a potion of haste {unknown}
 g - 3 potions of flight {unknown}
 h - a potion of ambrosia {unknown}
 l - 3 potions of heal wounds {unknown}
 o - a potion of mutation {unknown}
 p - a potion of curing {unknown}
 q - 3 potions of brilliance {unknown}
 s - a potion of lignification {unknown}


   Skills:
 + Level 4.4 Fighting
 + Level 4.8 Long Blades
 + Level 4.8 Armour
 + Level 1.5 Dodging
 + Level 4.4 Shields


You had 5 spell levels left.
You didn't know any spells.
Your spell library was empty.

Dungeon Overview and Level Annotations

Branches:
Dungeon (3/15)

Altars:
Dithmenos
Fedhas

Annotations:
D:3 Grinder


Innate Abilities, Weirdness & Mutations

You can be seen from farther away. (+LOS)
You can swim through water.
You cover ground slowly.
You can hop short distances.


Message History

You slash Grinder!
Grinder is severely wounded.
You block the giant cockroach's attack.
Grinder blinks!
The giant cockroach bites you but does no damage.
You barely miss Grinder.
Grinder is severely wounded.
Grinder gestures at you.
You suddenly lose the ability to move!
The giant cockroach bites you. Grinder hits you.
You writhe in agony.
* * * LOW HITPOINT WARNING * * *
The giant cockroach bites you.
* * * LOW HITPOINT WARNING * * *
The giant cockroach bites you but does no damage.
Grinder hits you.
* * * LOW HITPOINT WARNING * * *
You writhe in agony.
* * * LOW HITPOINT WARNING * * *
The giant cockroach bites you but does no damage.
Grinder hits you!
You die...

#......#..######
###.##.........# #
#.####..####.# #
#.......####.### #
#.......##.....# #
##########.###.## #
#.......##. #..# #
#.......##.###5.# #
#.>.....##...$@.# #
#[<.....#####..B.......
# #........#
......#..... #
#........##.##...# ####
# #...(.†..##.##...# #
###.##...........# #
###.####<##......#
###.)......# ###.#
..#.#......# .#


You could see Grinder and a giant cockroach.

Vanquished Creatures
  Sigmund (D:3)
  3 adders
  A worm (D:2)
  2 dart slugs (D:2)
  12 bats
  A giant cockroach (D:3)
  5 goblins
  7 hobgoblins
  2 jackals (D:1)
  2 ball pythons (D:2)
  2 frilled lizards (D:2)
  12 kobolds
  6 rats
56 creatures vanquished.

Vanquished Creatures (others)
  12 plants (D:2)
12 creatures vanquished.

Grand Total: 68 creatures vanquished

Notes
Turn   | Place    | Note
-------+----------+-------------------------------------------
     0 | D:1      | mattiecakes the Barachi Fighter began the quest for the
                  | Orb.
     0 | D:1      | Reached XP level 1. HP: 18/18 MP: 1/1
   134 | D:1      | Reached XP level 2. HP: 25/25 MP: 2/2
   485 | D:1      | Reached XP level 3. HP: 28/30 MP: 3/3
  1096 | D:2      | Found a shadowy altar of Dithmenos.
  1204 | D:2      | Reached XP level 4. HP: 17/37 MP: 4/4
  1562 | D:2      | Found a blossoming altar of Fedhas.
  1794 | D:3      | Noticed Sigmund
  1806 | D:3      | Killed Sigmund
  1806 | D:3      | Reached skill level 1 in Dodging
  1806 | D:3      | Reached XP level 5. HP: 43/43 MP: 5/5
  1806 | D:3      | Reached XP level 6. HP: 49/49 MP: 6/6
  1865 | D:3      | Noticed Grinder
  1867 | D:3      | Paralysed by Grinder for 4 turns
  1874 | D:3      | Paralysed by Grinder for 2 turns
  1884 | D:3      | Paralysed by Grinder for 3 turns
  1886 | D:3      | Slain by Grinder

Illustrated notes

Levels and vault maps discovered:
D:1:      nzn_arrival_depleted_hourglass, layout_loops_ring,
          grunt_decor_arrowhead
D:2:      layout_rooms, fedhas_altar_fruit_tree, old_standard_altar,
          serial_bayou, serial_bayou_lagoon_a, serial_bayou_shore_a,
          serial_bayou_pond_d, serial_bayou_ford_a
D:3:      cheibrodos_pilgrimage, layout_loops_cross, okawaru_metal_pillars_3,
          lemuel_round_altar, guppyfry_early_orc_mine, uniq_sigmund,
          uniq_grinder, uniq_ijyb

Skill      XL: |  1  2  3  4 |
---------------+-------------+-----
Armour         | 4 |  4.8
Fighting       | 4 |  4.4
Long Blades    | 3 4 |  4.8
Shields        | 4 |  4.4
Dodging        | 1 |  1.5

Action                   |  1- 3 |  4- 6 || total
-------------------------+-------+-------++-------
Melee: Long sword        |   129 |    64 ||   193
  Use: Potion            |       |     2 ||     2
Armor: Scale mail        |    54 |    24 ||    78
Dodge: Dodged            |    50 |    14 ||    64
Block: Kite shield       |    71 |    35 ||   106
       Rpst.: Long sword |    22 |     6 ||    28

Table legend: (Time is in decaauts)
 A = Elapsed time spent in this place.
 B = Non-inter-level travel time spent in this place.
 C = Inter-level travel time spent in this place.
 D = Time resting spent in this place.
 E = Time spent auto-exploring this place.
 F = Levels seen in this place.
 G = Mean time per level.
                   A        B        C        D        E       F      G
               +--------+--------+--------+--------+--------+-----+--------+
         Total |   2203 |   2135 |     68 |    162 |   1532 |   3 |  734.3 |
       Dungeon |   2203 |   2135 |     68 |    162 |   1532 |   3 |  734.3 |
               +--------+--------+--------+--------+--------+-----+--------+

Top non-repeatable levels by time:
     D:1: 1050 daAuts
     D:2: 1002 daAuts
     D:3: 150 daAuts
